 Dungeon Crawl Stone Soup version 0.29.0-15-g675c0067aa (webtiles) character file.

Game seed: 7923637295318203407

1066 qw the Chopper (level 8, 0/48 HPs)
             Began as a Gargoyle Fighter on Sept 12, 2022.
             Slain by a killer bee (7 damage)
             ... on level 5 of the Dungeon.
             The game lasted 00:01:40 (4445 turns).

qw the Chopper (Gargoyle Fighter)                   Turns: 4445, Time: 00:01:41

Health: 0/48       AC: 21    Str: 21    XL:     8   Next: 28%
Magic:  8/8        EV:  6    Int: 10    God:
Gold:   139        SH: 11    Dex:  5    Spells: 7/7 levels left

rFire   . . .      SeeInvis .   Y - +1 war axe (flame)
rCold   . . .      Faith    .   t - +3 kite shield "Kyxterch" {rElec Will+++ rCorr Dex-4}
rNeg    + . .      Spirit   .   q - +0 chain mail
rPois   inf        Reflect  .   c - +1 helmet
rElec   +          Harm     .   j - scarf {repulsion}
rCorr   +          Rampage  .   m - +1 pair of gloves
Will    +++..                   s - +1 pair of boots
Stlth   ..........              (no amulet)
HPRegen 0.16/turn               (no ring)
MPRegen 0.11/turn               (no ring)

@: repel missiles
A: sickness immunity, AC +5, negative energy resistance 1, electricity
resistance, torment resistance 1, petrification resistance
a: no special abilities


You were on level 5 of the Dungeon.
You visited 2 branches of the dungeon, and saw 6 of its levels.

You collected 156 gold pieces.
You spent 17 gold pieces at shops.


Innate Abilities, Weirdness & Mutations

You are immune to sickness and miasma.
Your stone body is resilient. (AC +5)
You are immune to poison.
You resist negative energy. (rN+)
You are resistant to electric shocks. (rElec)
You are resistant to unholy torment.
You are immune to petrification.


   Skills:
 + Level 4.5 Fighting
 - Level 7.0 Axes
 - Level 3.2 Armour
 - Level 0.9 Dodging
 - Level 6.2 Shields


You had 7 spell levels left.
You didn't know any spells.
Your spell library was empty.

Inventory:

Hand Weapons
 Y - a +1 war axe of flaming (weapon)
Armour
 c - a +1 helmet (worn)
 j - a scarf of repulsion (worn)
 m - a +1 pair of gloves (worn)
 q - a +0 chain mail (worn)
 s - a +1 pair of boots (worn)
 t - the +3 kite shield "Kyxterch" (worn) {rElec Will+++ rCorr Dex-4}
   (You found it on level 4 of the Dungeon)

   Dex:       It affects your dexterity (-4).
   rElec:     It insulates you from electricity.
   rCorr:     It protects you from acid and corrosion.
   Will:      It greatly increases your willpower.
Scrolls
 b - 6 scrolls of identify
Potions
 a - 2 potions of mutation {unknown}
 d - 3 potions of might
 e - a potion of ambrosia {unknown}
 g - a potion of invisibility {unknown}
 h - 2 potions of magic {unknown}
 i - a potion of attraction
 k - a potion of brilliance {unknown}
 l - a potion of berserk rage {unknown}
 n - 4 potions of curing
 p - a potion of degeneration {unknown}
 r - a potion of heal wounds {unknown}

Dungeon Overview and Level Annotations

Branches:
Dungeon (5/15)             Temple (1/1) D:5

Altars:
Cheibriados
Dithmenos
Fedhas
Gozag
Kikubaaqudgha
Qazlal
Ru
Sif Muna
Uskayaw
Wu Jian
Zin
Lugonu

Shops:
D:3 *

Annotations:
D:2 1 runed translucent door, Crazy Yiuf


Message History

You closely miss the killer bee. The killer bee stings you.
You block the killer bee's attack.
The killer bee stings you but does no damage.
You block the killer bee's attack.
You closely miss the killer bee.
The killer bee is almost dead.
You barely miss the killer bee. The killer bee stings you!
You block the killer bee's attack. x2
The killer bee stings you but does no damage. x2
The killer bee barely misses you.
You closely miss the killer bee.
The killer bee is almost dead.
You slash the killer bee! You burn the killer bee.
You kill the killer bee!
You block the killer bee's attack. x2
The killer bee stings you but does no damage.
Your Axes skill increases to level 7!
You closely miss the killer bee.
The killer bee is almost dead.
You hit the killer bee. You burn the killer bee.
You block the killer bee's attack.
The killer bee stings you but does no damage.
You block the killer bee's attack. The killer bee barely misses you.
The killer bee stings you but does no damage. x2
You closely miss the killer bee.
The killer bee is almost dead.
You hit the killer bee. You burn the killer bee.
You kill the killer bee!
You block the killer bee's attack. The killer bee stings you. x2
You barely miss the killer bee.
The killer bee is severely wounded.
The killer bee stings you! You block the killer bee's attack.
You hit the killer bee. You burn the killer bee.
The killer bee is almost dead.
The killer bee stings you but does no damage. x2
You block the killer bee's attack.
You miss the killer bee.
The killer bee is almost dead.
You block the killer bee's attack. The killer bee stings you!
You die...

*,,,,,,* ######*****,,,,,,*
#....#,,,,,,******
#....#,,,,,,# #....#,,,,,.#
#....#,,,,..#
#....#,,,...##****
#....###......,,,*
#.....@%......,,,*
#.....y#......,,,*
#......#,.....,,,*
###########'####+#.,....,,,*
...................,,###****
...................,,*
...................,,*
...................,,*
...................,,*


You could see a killer bee.

Vanquished Creatures
  A water moccasin (D:4)
  An ice beast (D:5)
  2 ogres
  A centaur (D:5)
  A scorpion (D:5)
  3 killer bees (D:5)
  5 hounds
  A jelly (D:5)
  Natasha (thrice) (D:2)
  An orc wizard (D:4)
  5 adders
  3 worms
  A dart slug (D:2)
  8 orcs
  11 endoplasms
  5 giant cockroaches
  5 goblins
  7 hobgoblins
  6 jackals
  3 quokkas
  8 ball pythons
  10 bats
  8 kobolds
  5 rats
104 creatures vanquished.

Vanquished Creatures (others)
  An endoplasm (D:4)
1 creature vanquished.

Grand Total: 105 creatures vanquished

Notes
Turn   | Place    | Note
-------+----------+-------------------------------------------
     0 | D:1      | qw the Gargoyle Fighter began the quest for the Orb.
     0 | D:1      | Reached XP level 1. HP: 14/14 MP: 1/1
     0 | D:1      | 0 ||| qw: Version: 0.1-a-119-g272c26d
     0 | D:1      | 0 ||| qw: Game counter: 10966
     0 | D:1      | 0 ||| qw: Always use a shield: true
     0 | D:1      | 0 ||| qw: God list: Okawaru
     0 | D:1      | 0 ||| qw: Allow faded altars: false
     0 | D:1      | 0 ||| qw: Do Orc after D:15 true
     0 | D:1      | 0 ||| qw: Do second Lair branch before Depths: true
     0 | D:1      | 0 ||| qw: Lair rune preference: random
     0 | D:1      | 0 ||| qw: Plans: Normal, Zot, God:TSO, Crypt, Tomb, Pan,
                  | Slime, Hells, Zig, Abyss, Orb
     0 | D:1      | 0 ||| PLANNING D:1-11
    33 | D:1      | Reached skill level 2 in Axes
    34 | D:1      | 34 ||| Stepping ~*~*~tactically~*~*~ (stealth).
    36 | D:1      | 36 ||| Stepping ~*~*~tactically~*~*~ (stealth).
    54 | D:1      | Reached XP level 2. HP: 18/19 MP: 2/2
   530 | D:1      | Reached skill level 3 in Axes
   558 | D:1      | Reached XP level 3. HP: 23/23 MP: 3/3
   567 | D:1      | 567 ||| Stepping ~*~*~tactically~*~*~ (stealth).
   576 | D:1      | 576 ||| Stepping ~*~*~tactically~*~*~ (stealth).
   665 | D:1      | Found a faded altar of an unknown god.
   704 | D:1      | 704 ||| UPGRADING to scarf of repulsion.
   709 | D:1      | 709 ||| UPGRADING to +1 pair of gloves.
   714 | D:1      | 714 ||| UPGRADING to +0 kite shield.
   724 | D:1      | 724 ||| DROPPING +0 buckler.
   725 | D:1      | 725 ||| READING scroll labelled OKHLEB WIMEIC.
   726 | D:1      | 726 ||| READING scroll labelled ZOWUDO PIXUGY.
   727 | D:1      | 727 ||| READING scroll labelled OMIABR MUOKAXU.
   728 | D:1      | 728 ||| READING scroll labelled AGYCUA GUPLAI.
   816 | D:2      | You fall into a shaft and drop 1 floor!
   851 | D:2      | 851 ||| DROPPING +0 club.
   984 | D:2      | Reached XP level 4. HP: 28/28 MP: 4/4
   991 | D:2      | Noticed Natasha
  1003 | D:2      | Killed Natasha
  1019 | D:2      | Noticed Natasha
  1020 | D:2      | 1020 ||| FLEEEEING.
  1021 | D:2      | 1021 ||| Stepping ~*~*~tactically~*~*~ (hiding).
  1026 | D:2      | Killed Natasha
  1027 | D:2      | Reached skill level 4 in Axes
  1169 | D:2      | Noticed Natasha
  1170 | D:2      | 1170 ||| FLEEEEING.
  1281 | D:2      | Killed Natasha
  1282 | D:2      | Reached XP level 5. HP: 32/32 MP: 5/5
  1502 | D:2      | Found a runed translucent door.
  1503 | D:2      | Noticed Crazy Yiuf
  1798 | D:2      | 1798 ||| READING scroll labelled OCRYEMM JOARE.
  1799 | D:2      | 1799 ||| READING scroll labelled YTEIRI KEOPLOST.
  1800 | D:2      | 1800 ||| READING scroll labelled HEGATYLIWKE.
  1801 | D:2      | 1801 ||| READING scroll labelled YSKARI NENY.
  1802 | D:2      | 1802 ||| READING scroll labelled ZEICERRUDIE.
  1803 | D:2      | 1803 ||| READING scroll labelled GUNGUL ROLAU.
  1804 | D:2      | 1804 ||| DROPPING +0 whip.
  1805 | D:2      | 1805 ||| DRINKING 2 murky sapphire potions.
  2449 | D:3      | Found Cubaskug's Assorted Antiques.
  2465 | D:3      | 2465 ||| BUYING orange potion (17 gold).
  2465 | D:3      | Bought an orange potion for 17 gold pieces
  2465 | D:3      | 2465 ||| SHOPLISTING scorched ring mail (171 gold, have
                  | 92).
  2593 | D:3      | Found a hide-covered altar of Uskayaw.
  2611 | D:3      | 2611 ||| READING scroll labelled APIGOWU OGEINK.
  2662 | D:3      | 2662 ||| READING scroll labelled BIONEGR HITI.
  2663 | D:3      | 2663 ||| DRINKING 2 orange potions.
  2732 | D:4      | 2732 ||| STAIRDANCE
  2757 | D:4      | Noticed an ogre
  2758 | D:4      | 2758 ||| Stepping ~*~*~tactically~*~*~ (stealth).
  2768 | D:4      | HP: 6/32 [ogre/+0 giant club (26)]
  2769 | D:4      | Killed an ogre
  2770 | D:4      | Reached XP level 6. HP: 7/37 MP: 6/6
  3084 | D:4      | Noticed a water moccasin
  3095 | D:4      | Killed a water moccasin
  3096 | D:4      | Reached skill level 5 in Axes
  3124 | D:4      | 3124 ||| Stepping ~*~*~tactically~*~*~ (hiding).
  3125 | D:4      | 3125 ||| Stepping ~*~*~tactically~*~*~ (stealth).
  3126 | D:4      | 3126 ||| Stepping ~*~*~tactically~*~*~ (hiding).
  3149 | D:4      | Reached XP level 7. HP: 42/42 MP: 7/7
  3194 | D:4      | Found an ancient bone altar of Kikubaaqudgha.
  3364 | D:4      | Identified the +3 kite shield "Kyxterch" {rElec Will+++
                  | rCorr Dex-4}
  3514 | D:4      | 3514 ||| UPGRADING to +1 helmet.
  3519 | D:4      | 3519 ||| UPGRADING to +0 chain mail.
  3529 | D:4      | 3529 ||| DROPPING +0 scale mail.
  3530 | D:4      | 3530 ||| UPGRADING to +1 pair of boots.
  3535 | D:4      | 3535 ||| UPGRADING to +3 kite shield "Kyxterch" {rElec
                  | Will+++ rCorr Dex-4}.
  3545 | D:4      | 3545 ||| DROPPING +0 kite shield.
  3546 | D:4      | 3546 ||| READING scroll labelled TEHUAS QOPYE.
  3557 | D:5      | Entered Level 5 of the Dungeon
  3587 | D:5      | Found a staircase to the Ecumenical Temple.
  3588 | D:5      | 3588 ||| PLANNING TEMPLE
  3588 | D:5      | 3588 ||| READING scroll labelled ONAILU ZOOMYLU.
  3598 | Temple   | Entered the Ecumenical Temple
  3630 | Temple   | 3630 ||| PLANNING D:1-11
  3874 | D:5      | Reached skill level 6 in Axes
  3926 | D:5      | Reached skill level 6 in Shields
  4111 | D:5      | Reached XP level 8. HP: 25/48 MP: 8/8
  4441 | D:5      | Reached skill level 7 in Axes
  4443 | D:5      | HP: 6/48 [killer bee (7)]
  4445 | D:5      | Slain by a killer bee

Levels and vault maps discovered:
D:1:      psy_arrival_basics, layout_rooms,
          ebering_ecumenical_altar_sacrificial, st_stairs_5,
          chequers_serial_rivers_micro_c, corexii_leaking_fountain,
          dk_noncrumbling_2
D:2:      layout_basic, uniq_crazy_yiuf_cottage, uniq_natasha
D:3:      layout_loops_ring, lemuel_round_altar, serial_shops,
          nicolae_lakefront_shop
D:4:      layout_rooms, nicolae_kikubaaqudgha_miasma_corner
D:5:      minmay_spotlight, layout_gridville, minmay_temple_entry_butterflies
Temple:   corrupted_temple

Skill      XL: |  1  2  3  4  5  6  7  8 |
---------------+-------------------------+-----
Axes           | 2 3 4 5 6 7 |  7.0
Shields        | 4 5 6 |  6.2
Fighting       | 4 |  4.5
Armour         | |  3.2
Dodging        | |  0.9

Action                   |  1- 3 |  4- 6 |  7- 9 || total
-------------------------+-------+-------+-------++-------
Melee: War axe           |    76 |   127 |    79 ||   282
  Use: Scroll            |     4 |     8 |     2 ||    14
       Potion            |       |     2 |       ||     2
Armor: Scale mail        |    31 |    63 |    11 ||   105
       Chain mail        |       |       |    54 ||    54
Dodge: Dodged            |    38 |    47 |    22 ||   107
Block: Buckler           |     9 |       |       ||     9
       Kite shield       |    17 |    58 |    58 ||   133

Table legend:
 A = Non-vault XP
 B = Vault XP
 C = Vault XP percentage of total XP
 D = Non-vault monster count
 E = Vault monster count
 F = Vault count percentage of total count
                 A         B        C        D         E       F
            +---------+---------+-------+---------+---------+-------
      Total |    1481 |      42 |   2.8 |      99 |       5 |   4.8
            +---------+---------+-------+---------+---------+-------
        D:1 |      35 |       7 |  16.7 |      22 |       4 |  15.4
        D:2 |     140 |      35 |  20.0 |      22 |       1 |   4.3
        D:3 |      64 |       0 |   0.0 |      24 |       0 |   0.0
        D:4 |     435 |       0 |   0.0 |      20 |       0 |   0.0
        D:5 |     807 |       0 |   0.0 |      11 |       0 |   0.0
            +---------+---------+-------+---------+---------+-------
